AoeStats
← RuMoe

African Clearing

504280233Analyzed
3v3 RM · 26d ago on Sep 4, 2026· 31m 11s· 6 players
Game mode
Random Map
Map size
Normal (6 player)
Population
200
Speed
Normal
Resources
Standard
Victory
Conquest
Starting age
Dark Age
Ending age
Imperial Age
RankedLock teamsTeams togetherTeam positionsShared explorationLock speedFull tech treeHidden civsTurbo modeCheats
Victory
Defeat
🇪🇸 Byzantines · Spain
1030
+14
🇨🇳 Huns · China
1030
+14
🇬🇧 Vietnamese · United Kingdom
1007
+14
🇩🇪 Mongols · Germany
988
-14
🇩🇪 Ethiopians · Germany
979
-14
🇩🇪 Inca · Germany
974
-14
Searching for food
11:02 Loom
13:07 Feudal Age
15:47 Fletching
20:55 Wheelbarrow
23:49 Castle Age
21:37 Double-Bit Axe
22:55 Padded Archer Armor
26:26 Bodkin Arrow
27:35 Leather Archer Armor
30:03 Husbandry
30:53 Thumb Ring
30:49 Gold Mining
31:44 Bloodlines
MsPacMan
3:49 Loom
14:50 Feudal Age
18:50 Double-Bit Axe
21:33 Castle Age
21:26 Stone Mining
26:28 Elite Skirmisher
Dark
14:58 Feudal Age
18:59 Castle Age
16:58 Double-Bit Axe
16:55 Horse Collar
17:51 Gold Mining
20:30 Scale Barding Armor
20:45 Forging
21:46 Chain Barding Armor
21:33 Marauders
22:05 Husbandry
22:15 Bloodlines
32:02 Iron Casting
RuMoe
11:07 Loom
13:36 Feudal Age
14:38 Double-Bit Axe
16:20 Gold Mining
19:11 Fletching
19:24 Padded Archer Armor
20:22 Horse Collar
27:01 Castle Age
27:19 Wheelbarrow
27:32 Pikeman
28:14 Squires
28:31 Bow Saw
27:58 Crossbowman
der_flo
7:28 Loom
13:49 Feudal Age
14:57 Double-Bit Axe
17:29 Man-at-Arms
21:25 Horse Collar
PeteOwens
4:14 Loom
14:43 Feudal Age
18:16 Town Watch
22:49 Castle Age
20:57 Padded Archer Armor
20:50 Fletching
21:52 Double-Bit Axe
23:54 Wheelbarrow
23:17 Crossbowman
24:02 Thumb Ring
25:32 Bow Saw
Connection lost

Rejoining the realm…

Still unreachable

The connection could not be restored.

Session expired

The server has moved on; the page needs a fresh start.